 Dungeon Sprint DCSS version 0.16-a0-3803-gd4b2de5 (webtiles) character file.

5740 BluebellGnoll the Purifying Dwarf (level 10, -1/138 HPs)
             Began as a Deep Dwarf Healer on Jan 26, 2015.
             Was a High Priest of Elyvilon.
             Slain by Frejutu the pandemonium lord (12 damage)
             ... in the Dungeon (Sprint V: "Ziggurat Sprint").
             The game lasted 00:12:14 (522 turns).

BluebellGnoll the Purifying Dwarf (DDHe)             Turns: 522, Time: 00:12:15

Health: -1/138     AC: 33    Str: 18    XL:     10   Next: 49%
Magic:  37/40      EV:  2    Int: 13    God:    Elyvilon [*****.]
Gold:   0          SH: 32    Dex: 23    Spells: 0 memorised, 9 levels left

rFire  . . .     SeeInvis .     H - +5 broad axe (protect)
rCold  . . .     Clarity  .     o - +15 Maxwell's patent armour {-Cast -Tele rElec MR+ rCorr} (curse)
rNeg   + + .     SustAb   .     p - +18 shield of the gong {rElec rN+ MR+ EV-5}
rPois  +         Gourm    .     (no helmet)
rElec  +         Spirit   .     (no cloak)
rCorr  +         Warding  +     (no gloves)
rMut   .         NoTele   +     (no boots)
MR     +++..     NoCast   +     I - amulet of Awe {Ward rElec rN+ Dex+4}
Stlth  ..........               Q - ring of poison resistance
                                n - +6 ring of dexterity

@: lethally poisoned, exhausted, divinely vigorous, very slightly contaminated,
non-regenerating, slowed, very slow, extremely resistant to hostile
enchantments, extremely unstealthy
A: damage resistance, recharge devices, sense surroundings 2, slow healing 3
a: Device Recharging, Lesser Healing, Lesser Self-Healing, Divine Protection,
Purification, Greater Healing, Greater Self-Healing, Divine Vigour, Renounce
Religion


You were in the Dungeon.
You worshipped Elyvilon.
Elyvilon was extremely pleased with you.
You were near starving.

You visited 1 branch

Inventory:

Hand weapons
 H - a +5 broad axe of protection (weapon)
Armour
 o - the cursed +15 Maxwell's patent armour (worn) {-Cast -Tele rElec MR+ rCorr}
   (You found it in the Dungeon)

   It insulates you from electricity.
   It affects your resistance to hostile enchantments.
   It prevents spellcasting.
   It prevents most forms of teleportation.
   It protects you from acid and corrosion.
   It has a curse placed upon it.
 p - the +18 shield of the gong (worn) {rElec rN+ MR+ EV-5}
   (You found it in the Dungeon)

   It affects your evasion (-5).
   It insulates you from electricity.
   It protects you from negative energy.
   It affects your resistance to hostile enchantments.
 G - a +5 gold dragon armour
Magical staves
 m - an uncursed staff of energy
Jewellery
 n - a +6 ring of dexterity (left hand)
 I - the amulet of Awe (around neck) {Ward rElec rN+ Dex+4}
   (You acquired it in the Dungeon)

   [amulet of warding]

   It may prevent the melee attacks of summoned creatures.
   It affects your dexterity (+4).
   It insulates you from electricity.
   It protects you from negative energy.
 L - a ring of the Octopus King {SustAb AC+1 EV+1 Str+1 Int+1 Dex+1}
   (You found it in the Dungeon)

   [ring of sustain abilities]

   It sustains your strength, intelligence and dexterity.
   It affects your AC (+1).
   It affects your evasion (+1).
   It affects your strength (+1).
   It affects your intelligence (+1).
   It affects your dexterity (+1).
 N - an uncursed ring of ice
 P - the ring of Daha {rElec Str+2 Dex+2 Stlth-}
   (You found it in the Dungeon)

   [ring of loudness]

   It affects your strength (+2).
   It affects your dexterity (+2).
   It insulates you from electricity.
   It makes you less stealthy.
 Q - a ring of poison resistance (right hand)
Magical devices
 d - a wand of heal wounds (5)
 j - a wand of disintegration (7)
 k - a wand of fire (3)
 l - a wand of cold (2)
Scrolls
 i - 4 scrolls of blinking
 r - 4 scrolls of amnesia
 t - 4 scrolls of recharging
 u - 7 scrolls of fog
 v - a scroll of holy word
 w - 4 scrolls of identify
 x - 5 scrolls of remove curse
 y - 2 scrolls of fear
Potions
 b - 11 potions of curing
 c - 10 potions of heal wounds
 e - 5 potions of haste
 g - 7 potions of magic
 h - 2 potions of berserk rage
 z - 2 potions of brilliance
 A - 2 potions of invisibility
 B - 2 potions of restore abilities
 C - 4 potions of resistance
 E - 3 potions of agility
 F - 3 potions of might
Miscellaneous
 s - a stone of tremors (inert)
 J - a stone of tremors (inert)
 K - a plain deck of wonders {drawn: 2}
Comestibles
 a - 38 fruits
 f - 6 bread rations
 q - 4 meat rations
 O - 4 poisonous chunks of flesh


   Skills:
 - Level 9.1 Fighting
 - Level 9.0 Axes
 - Level 8.0 Armour
 - Level 2.1 Dodging
 + Level 14.3 Shields
 - Level 18.9 Invocations


You had 9 spell levels left.
You didn't know any spells.

Dungeon Overview and Level Annotations

Branches:
Dungeon (1/1)

Altars:
Ashenzari
Cheibriados
Dithmenos
Elyvilon
Fedhas
Gozag
Kikubaaqudgha
Makhleb
Nemelex Xobeh
Okawaru
Qazlal
Ru
Sif Muna
Trog
Vehumet
Xom
Yredelemnul
Zin
The Shining One
Beogh
Jiyva
Lugonu


Innate Abilities, Weirdness & Mutations

You are resistant to damage.
You can recharge devices by infusing magical energy.
You passively map the area around you.
You do not heal naturally.


Message History

Heal: a Hell Sentinel (summoned)
The light of Elyvilon fails to reach the Hell Sentinel.
You feel somewhat more hungry. You block the Executioner's attack.
PTOANNNG!
You block the Executioner's attack.
BOUMMMMG!
The Executioner tries to attack you, but flinches away.
The Executioner hits you but does no damage.
You block the Executioner's attack.
BONNNG!
The Executioner hits you but does no damage.
You block Frejutu's attack.
PTOANNNG!
Crith hits you!
* * * LOW HITPOINT WARNING * * *
You block the Executioner's attack.
PANG!
The Executioner hits you but does no damage.
The Executioner completely misses you. Frejutu hits you!
You die...

, * ,8©8 ▓NN8©8..▓ ,
,*.."|.[=..▓S..:"..▓
, ▓...}[)...▓N.)[[..▓
, ,
▓.........▓.......▓ ,
, ,
▓.........▓.......▓
,▓.......5.▓.......▓
, *
*,▓.........▓.......▓
* ▓.▓.&&).▓.▓.......▓
,
,▓..11@1...▓.......▓
* *
▓▓▓▓▓▓▓▓▓▓▓▓▓▓▓▓▓▓▓ ,
,,8 , * 8© , * , , ,,
, , * , , , ,, , , ,
,, , * , , , , *, , ,
* , , , , , , ,, ,


You could see Crith, Frejutu, a Hell Sentinel, a Brimstone Fiend, an Executioner
and a crimson imp.

Vanquished Creatures
  An ironheart preserver (D)
  A sun demon (D)
  A harpy (D)
  An orc knight (D)
  A yaktaur (D)
  3 jumping spiders (D)
  2 air elementals (D)
  A fire elemental (D)
  2 insubstantial wisps (D)
  A naga (D)
  3 scorpions (D)
  A quasit (D)
  An iron imp (D)
  A giant mite (D)
  An ufetubus (D)
  A ball python (D)
  2 fungi (D)
24 creatures vanquished.

Vanquished Creatures (collateral kills)
  An Executioner (D)
  A quasit (D)
2 creatures vanquished.

Vanquished Creatures (others)
  A necromancer (D)
  A fire vortex (D)
  A merfolk (D)
  An adder (D)
  A shadow imp (D)
5 creatures vanquished.

Grand Total: 31 creatures vanquished

Notes
Turn   | Place    | Note
--------------------------------------------------------------
     0 | D        | BluebellGnoll, the Deep Dwarf Healer, began the quest for the Orb.
     0 | D        | Reached XP level 1. HP: 16/16 MP: 2/2
     0 | D        | Found a viscous altar of Jiyva.
     0 | D        | Found a corrupted altar of Lugonu.
     0 | D        | Found a white marble altar of Elyvilon.
     2 | D        | Found a sparkling altar of Nemelex Xobeh.
     2 | D        | Found a burning altar of Makhleb.
     3 | D        | Found a deep blue altar of Sif Muna.
     3 | D        | Found a bloodstained altar of Trog.
     7 | D        | Found an iron altar of Okawaru.
    18 | D        | Found a radiant altar of Vehumet.
    19 | D        | Acquired Elyvilon's third power
    41 | D        | Found a basalt altar of Yredelemnul.
    42 | D        | Found a shimmering altar of Xom.
    62 | D        | Reached skill level 8 in Armour
    62 | D        | Reached XP level 2. HP: 24/24 MP: 4/4
    63 | D        | Entered arena 1.
    63 | D        | Noticed a fire elemental
    63 | D        | Noticed a fire vortex
    66 | D        | Killed a fire elemental
    66 | D        | Reached skill level 11 in Invocations
    66 | D        | Reached XP level 3. HP: 30/30 MP: 5/11
    66 | D        | Reached XP level 4. HP: 37/37 MP: 6/14
    66 | D        | Reached XP level 5. HP: 43/43 MP: 6/16
    70 | D        | Killed a fire vortex
    70 | D        | Reached XP level 6. HP: 43/50 MP: 7/18
   140 | D        | Entered arena 2.
   140 | D        | Noticed a hell hound
   141 | D        | Pacified a hell hound
   172 | D        | Entered arena 3.
   172 | D        | Noticed an air elemental
   172 | D        | Noticed an air elemental
   172 | D        | Noticed an insubstantial wisp
   172 | D        | Noticed an insubstantial wisp
   178 | D        | Killed an air elemental
   178 | D        | Reached XP level 7. HP: 37/64 MP: 20/20
   179 | D        | Killed an insubstantial wisp
   179 | D        | Reached skill level 5 in Fighting
   179 | D        | Killed an air elemental
   180 | D        | Killed an insubstantial wisp
   190 | D        | Entered arena 4.
   190 | D        | Noticed a merfolk
   190 | D        | Noticed a merfolk
   190 | D        | Noticed a merfolk
   190 | D        | Noticed a merfolk
   191 | D        | Pacified a merfolk
   191 | D        | Reached XP level 8. HP: 65/80 MP: 19/22
   191 | D        | Acquired Elyvilon's fourth power
   192 | D        | Pacified a merfolk
   196 | D        | Pacified a merfolk
   196 | D        | Killed a merfolk
   209 | D        | Got a fine bronze amulet
   210 | D        | Identified the amulet of Awe {Ward rElec rN+ Dex+4} (You acquired it in the Dungeon)
   212 | D        | Entered arena 5.
   212 | D        | Noticed a deep elf mage
   212 | D        | Noticed a deep elf summoner
   212 | D        | Noticed a deep elf fighter
   213 | D        | Pacified a deep elf summoner
   213 | D        | Reached skill level 10 in Shields
   215 | D        | Pacified a deep elf fighter
   216 | D        | Pacified a deep elf mage
   247 | D        | Entered arena 6.
   247 | D        | Noticed an orc knight
   247 | D        | Noticed a yaktaur
   247 | D        | Noticed a blink frog
   247 | D        | Noticed a necromancer
   247 | D        | Noticed an ironheart preserver
   247 | D        | Noticed a harpy
   248 | D        | Pacified a blink frog
   248 | D        | Reached skill level 12 in Invocations
   251 | D        | Pacified a necromancer
   251 | D        | Reached skill level 13 in Invocations
   254 | D        | a blink frog changed into a spider
   254 | D        | Killed a necromancer
   264 | D        | Killed an ironheart preserver
   264 | D        | Reached skill level 16 in Invocations
   264 | D        | Gained mutation: You passively map the area around you. [level up]
   264 | D        | Reached XP level 9. HP: 89/113 MP: 2/33
   265 | D        | Killed a yaktaur
   265 | D        | Reached skill level 17 in Invocations
   270 | D        | Killed a harpy
   270 | D        | Reached skill level 18 in Invocations
   280 | D        | Killed an orc knight
   280 | D        | Reached XP level 10. HP: 89/99 MP: 6/29
   301 | D        | Got a ring of the Octopus King {SustAb AC+1 EV+1 Str+1 Int+1 Dex+1}
   386 | D        | Entered arena 7.
   386 | D        | Noticed a black mamba
   386 | D        | Noticed a naga
   386 | D        | Noticed a naga
   386 | D        | Noticed a naga mage
   387 | D        | Pacified a naga
   388 | D        | Pacified a naga
   389 | D        | Pacified a black mamba
   391 | D        | Pacified a naga mage
   437 | D        | Entered arena 8.
   437 | D        | Noticed a scorpion
   437 | D        | Noticed a scorpion
   437 | D        | Noticed a jumping spider
   437 | D        | Noticed a jumping spider
   437 | D        | Noticed a jumping spider
   437 | D        | Noticed a scorpion
   443 | D        | Killed a jumping spider
   447 | D        | Killed a scorpion
   447 | D        | Killed a scorpion
   452 | D        | Killed a scorpion
   458 | D        | Killed a jumping spider
   460 | D        | Killed a jumping spider
   475 | D        | Got the ring of Daha {rElec Str+2 Dex+2 Stlth-}
   492 | D        | Entered arena 9.
   492 | D        | Noticed a sun demon
   492 | D        | Noticed Frejutu the pandemonium lord
   492 | D        | Noticed an iron imp
   492 | D        | Noticed a quasit
   492 | D        | Noticed a quasit
   492 | D        | Noticed a crimson imp
   492 | D        | Noticed Crith the pandemonium lord
   495 | D        | Noticed an Executioner
   499 | D        | Killed an Executioner
   504 | D        | Killed a quasit
   506 | D        | Killed a quasit
   508 | D        | Killed a sun demon
   510 | D        | Killed an iron imp
   515 | D        | Noticed a Brimstone Fiend
   517 | D        | Noticed an Executioner
   518 | D        | Noticed a Hell Sentinel
   519 | D        | HP: 3/138 [Frejutu the pandemonium lord (15)]
   520 | D        | HP: 1/138 [Crith the pandemonium lord (6)]
   522 | D        | Slain by Frejutu the pandemonium lord

Action                   |  1- 3 |  4- 6 |  7- 9 | 10-12 || total
-------------------------+-------+-------+-------+-------++-------
Melee: Broad axe         |       |     7 |    35 |    60 ||   102
Invok: Lesser Healing    |       |     3 |     1 |     1 ||     5
       Greater Healing   |       |     1 |    15 |     8 ||    24
       Lesser Self-Heali |       |       |     4 |       ||     4
       Divine Vigour     |       |       |     1 |     2 ||     3
       Greater Self-Heal |       |       |     1 |     1 ||     2
Evoke: Wand              |     1 |     2 |     2 |       ||     5
       Deck              |       |       |       |     2 ||     2
       Stone of tremors  |       |       |       |     1 ||     1
       Phantom mirror    |       |       |       |     1 ||     1
  Use: Potion            |     1 |     2 |       |     5 ||     8
       Scroll            |       |       |     3 |       ||     3
  Eat: Fruit             |       |       |     3 |     1 ||     4
       Chunk             |       |       |     2 |     6 ||     8
